 Dungeon Crawl Stone Soup version 0.29-a0-925-g0a7a3d12f8 (webtiles) character file.

Game seed: 6351565529202664621

71 Newt the Trooper (level 4, -4/35 HPs)
             Began as a Djinni Cinder Acolyte on July 29, 2022.
             Was an Elder of Ignis.
             Slain by a gnoll
             ... wielding a +0 whip
              (6 damage)
             ... on level 3 of the Dungeon.
             The game lasted 00:03:32 (1816 turns).

Newt the Trooper (Djinni Cinder Acolyte)            Turns: 1816, Time: 00:03:32

Health: -4/35      AC:  2    Str: 15    XL:     4   Next: 47%
Gold:   55         EV: 11    Int: 16    God:    Ignis [****..] SH:  0 Dex:  8

rFire   + + +      SeeInvis .     - Unarmed
rCold   x . .      Faith    .   (no shield)
rNeg    . . .      Spirit   .   a - +0 robe
rPois   ∞          Reflect  .   (no helmet)
rElec   .          Harm     .   (no cloak)
rCorr   .          Rampage  .   (no gloves)
Will    .....                   (boots unavailable)
Stlth   +.........              (no amulet)
HPRegen 0.11/turn               (no ring)
MPRegen 0.00/turn               (no ring)

@: flying
A: sickness immunity, fire resistance 2, cold vulnerability 1, float, innate
caster, HP casting, extra vitality 1
a: Renounce Religion, Fiery Armour, Foxfire Swarm, Rising Flame


You were on level 3 of the Dungeon.
You worshipped Ignis.
Ignis was greatly pleased with you.
You visited 1 branch of the dungeon, and saw 3 of its levels.

You collected 55 gold pieces.

Inventory:

Armour
 a - a +0 robe (worn)
Jewellery
 c - a ring of see invisible
Scrolls
 d - a scroll of teleportation
 e - a scroll of enchant weapon {unknown}
 h - a scroll of identify {unknown}
 i - a scroll of poison {unknown}
 j - a scroll of fear {unknown}
Potions
 b - 2 potions of cancellation {unknown}
 f - a potion of heal wounds {unknown}
 g - a potion of ambrosia {unknown}
 k - a potion of attraction {unknown}


   Skills:
 + Level 3.2 Fighting
 * Level 1.4 Staves
 * Level 1.3 Dodging
 + Level 0.2 Stealth
 - Level 3.0 Unarmed Combat
 + Level 3.1 Spellcasting


You had 6 spell levels left.
You knew the following spells:

 Your Spells              Type           Power      Damage    Failure   Level
a - Scorch                Fire           24%        2d6       8%          2
b - Necrotise             Necr           48%        1d6       4%          1
Your spell library was empty.

Dungeon Overview and Level Annotations

Branches:
Dungeon (3/15)

Altars:


Innate Abilities, Weirdness & Mutations

You are immune to sickness and miasma.
You are immune to poison.
Your flesh is very heat resistant. (rF++)
You are vulnerable to cold. (rC-)
You float through the air rather than walking.
You learn spells naturally, not from books.
Your magical power is your life essence.
You have superior vitality. (+4 MHP)


Message History

A gnoll comes into view. It is wielding a +0 whip.
The gnoll misses you.
There is a stone staircase leading up here.
The gnoll hits you with a +1 whip of pain!
You fly upwards.
There is a stone staircase leading down here.
Casting: Scorch (safe; 8% risk of failure)
Confirm with . or Enter, or press ? or * to list all spells.
Okay, then.
A protective cloak of flame settles atop you.
The gnoll barely misses you.
Casting: Scorch (safe; 8% risk of failure)
Press: ? - help, Q - select action, (/) - cycle Dir - look around, f - activate Flames lash the gnoll.
The gnoll is heavily wounded.
The gnoll's fire resistance burns away.
* * * LOW HITPOINT WARNING * * *
The gnoll closely misses you.
Casting: Scorch (safe; 8% risk of failure)
Press: ? - help, Q - select action, (/) - cycle Dir - look around, f - activate Flames lash the gnoll.
The gnoll is burned terribly!
You kill the gnoll!
* * * LOW HITPOINT WARNING * * *
Unknown command.
Things that are here:
a +1 whip of pain; a gnoll corpse You start resting.
Your fiery armour burns out.
You start resting.
HP restored.
There is a stone staircase leading down here.
You fly downwards.
The gnoll closely misses you. The gnoll hits you with a +0 whip!
The gnoll hits you but does no damage. The gnoll hits you with a +0 whip.
The gnoll hits you with a +0 flail! The gnoll closely misses you.
There is a stone staircase leading up here.
The gnoll barely misses you. The gnoll hits you with a +0 flail!
* * * LOW HITPOINT WARNING * * *
The gnoll hits you with a +0 whip.
You die...

#####. #.# ...#. #.#
#.#. ###.# ### #.#...
...#...# .
.....#######..#...#..
#..........#......
#.................
#..........g......
##......).@.......
#.......g.g....).
#######..........
............
####.........
.$........ #.........
..........


You could see 3 gnolls.

Vanquished Creatures
  A gnoll (D:2)
  3 adders
  A bat (D:2)
  2 giant cockroaches (D:1)
  3 goblins
  3 hobgoblins
  7 jackals (D:1)
  2 kobolds
  2 quokkas
  4 ball pythons
  2 rats
30 creatures vanquished.

Notes
Turn   | Place    | Note
-------+----------+-------------------------------------------
     0 | D:1      | Newt the Djinni Cinder Acolyte began the quest for the Orb.
     0 | D:1      | Newt set off with the following spells memorised: Scorch.
     0 | D:1      | Reached XP level 1. HP: 20/20 MP: 0/0
     2 | D:1      | Noticed a formicid
     2 | D:1      | Noticed a vine stalker
     4 | D:1      | Noticed a demigod
     6 | D:1      | Noticed an ogre
     8 | D:1      | Noticed a dwarf
     8 | D:1      | Noticed a merfolk
    10 | D:1      | Noticed a naga
    12 | D:1      | Noticed a human
    12 | D:1      | Noticed a spriggan
    14 | D:1      | Noticed a troll
    17 | D:1      | Noticed a tengu
    17 | D:1      | Noticed a ghoul
    19 | D:1      | Noticed a minotaur
    21 | D:1      | Noticed a demonspawn
    21 | D:1      | Noticed an octopode
    23 | D:1      | Noticed an elf
    23 | D:1      | Noticed a felid
    25 | D:1      | Noticed a gargoyle
    25 | D:1      | Noticed a draconian
    27 | D:1      | Noticed a vampire
    90 | D:1      | Reached XP level 2. HP: 4/25 MP: 0/0
   414 | D:1      | Reached skill level 1 in Staves
   676 | D:2      | Reached skill level 1 in Dodging
   676 | D:2      | Reached XP level 3. HP: 23/30 MP: 0/0
   676 | D:2      | Learned a level 1 spell: Necrotise
  1546 | D:3      | Reached XP level 4. HP: 33/35 MP: 0/0
  1816 | D:3      | Slain by a gnoll

Illustrated notes

Levels and vault maps discovered:
D:1:      kb_arrival_jail, layout_rooms
D:2:      layout_basic, serial_corexii_hall, chequers_hall_statues_y,
          corexii_hall_statues_s, roderic_roman_lattice
D:3:      layout_basic, chequers_ecumenical_altar_island, uniq_sigmund,
          uniq_ijyb

Skill      XL: |  1  2  3 |
---------------+----------+-----
Staves         | 1 |  1.4
Dodging        | 1 |  1.3
Spellcasting   | 3 |  3.1
Fighting       | |  3.2
Stealth        | |  0.2
Unarmed Combat | |  3.0

Action                   |  1- 3 |  4- 6 || total
-------------------------+-------+-------++-------
Melee: Unarmed           |    62 |     3 ||    65
       Punch             |     2 |       ||     2
 Cast: Scorch            |     9 |     7 ||    16
Invok: Fiery Armour      |     2 |     1 ||     3
       Foxfire Swarm     |     1 |       ||     1
  Use: Scroll            |     1 |     1 ||     2
Armor: Robe              |    19 |     1 ||    20
Dodge: Dodged            |    46 |     7 ||    53

Table legend: (Time is in decaauts)
 A = Elapsed time spent in this place.
 B = Non-inter-level travel time spent in this place.
 C = Inter-level travel time spent in this place.
 D = Time resting spent in this place.
 E = Time spent auto-exploring this place.
 F = Levels seen in this place.
 G = Mean time per level.
                   A        B        C        D        E       F      G
               +--------+--------+--------+--------+--------+-----+--------+
         Total |   1813 |   1800 |     13 |    550 |   1030 |   3 |  604.3 |
       Dungeon |   1813 |   1800 |     13 |    550 |   1030 |   3 |  604.3 |
               +--------+--------+--------+--------+--------+-----+--------+

Top non-repeatable levels by time:
     D:2: 1210 daAuts
     D:1: 575 daAuts
     D:3: 28 daAuts
